 Dungeon Crawl Stone Soup version 0.19.1 (webtiles) character file.

477 Ellandar the Poker (level 6, -10/48 HPs)
             Began as a Demonspawn Monk on Mar 11, 2017.
             Killed by divine providence
             ... invoked by an orc priest
              (14 damage)
             ... on level 4 of the Dungeon.
             The game lasted 00:21:43 (2994 turns).

Ellandar the Poker (Demonspawn Monk)                Turns: 2994, Time: 00:21:44

Health: -10/48     AC:  9    Str: 12 (13) XL:     6   Next: 85%
Magic:  0/6        EV:  6    Int: 14      God:
Gold:   199        SH:  4    Dex: 14 (17) Spells: 0 memorised, 5 levels left

rFire  . . .     SeeInvis .     d - +2 spear (pierce)
rCold  . . .     Gourm    .     e - +0 chain mail
rNeg   . . .     Faith    .     t - +0 buckler
rPois  .         Spirit   +     s - +0 helmet
rElec  .         Reflect  .     (no cloak)
rCorr  .         Harm     .     (no gloves)
MR     .....     Clarity  +     (no boots)
Stlth  ..........               (no amulet)
                                (no ring)
                                (no ring)

@: lethally poisoned (-10 -> -11)
A: talons 1, thin skeletal structure 2, clarity, clever 1, clumsy 1, demonic
guardian 1, deterioration 2, wild magic 1, magic shield
a: no special abilities


You were on level 4 of the Dungeon.
You were not hungry.

You visited 1 branch of the dungeon, and saw 4 of its levels.

You collected 199 gold pieces.

Inventory:

Hand Weapons
 d - a +2 spear of piercing (weapon)
Armour
 e - a +0 chain mail (worn)
 s - a +0 helmet (worn)
 t - a +0 buckler (worn)
Scrolls
 h - 3 scrolls of teleportation
 k - 3 scrolls of recharging
 l - a scroll of fog {unknown}
 m - a scroll of blinking {unknown}
Potions
 g - a potion of invisibility {unknown}
 i - 2 potions of brilliance
 j - a potion of degeneration {unknown}
 n - 2 potions of agility {unknown}
 o - a potion of haste {unknown}
 q - a potion of flight {unknown}
Comestibles
 a - 11 chunks of flesh
 b - 2 meat rations
 c - 3 bread rations
 f - 3 beef jerkies
 p - 3 fruits


   Skills:
 + Level 3.9 Fighting
   Level 2.6 Maces & Flails
 * Level 4.7 Polearms
 + Level 2.0 Armour
 - Level 2.6 Dodging
 - Level 1.7 Stealth
 + Level 2.4 Shields


You had 5 spell levels left.
You didn't know any spells.

Dungeon Overview and Level Annotations

Branches:
Dungeon (4/15)
 Temple: D:4-7

Altars:

Annotations:
D:2 exclusion: downstairs


Innate Abilities, Weirdness & Mutations

You have sharp toenails.
You have a moderately thin skeletal structure. (Dex +4, Stealth+)
A weak demonic guardian rushes to your aid.
When hurt, damage is shared between your health and your magic reserves.
You possess an exceptional clarity of mind.
Your mind is acute. (Int +2)
You are clumsy. (Dex -2)
Your body often deteriorates upon taking damage.
Your spells are a little harder to cast, but a little more powerful.


Message History

The orc priest looks encouraged for a moment.
Found a pink potion.
Some of the chunks of flesh in your inventory have rotted away.
Attack whom?
Press: ? - help, Dir - move target cursor, f - orc
Aim: an orc, wielding a short sword and wearing a leather armour You reach to attack!
You hit the orc but do no damage.
You feel sick.
The orc priest mumbles some strange prayers to Beogh against you.
Beogh smites you!
* * * LOW HITPOINT WARNING * * *
Your body deteriorates!
You feel clumsy.
You hit the orc but do no damage. The orc closely misses you.
You completely miss the orc.
Your shadow imp hits the orc.
The orc hits you with a short sword.
* * * LOW HITPOINT WARNING * * *
You barely miss the orc. You claw the orc, but do no damage.
The orc is heavily wounded.
The orc priest mumbles some strange prayers to Beogh against you.
Beogh smites you!
You die...

........o#+####### ###
#..........# ..# #..o.......# #
..# #..........# .# ####
##..o.......# !
..+..#...........#.##############
#.#.?'...#)#######.##............
#.#####..#)o........#.#########.#
#..#.(#..)รท....o@...#.#. ...#
#.# #..#(.'..###...5###.#.#.
#.###.# #.##'##..# #....#
#.#.###.....# ..#).#...# #....#
#.#.......... ..'..+...# #....#
#.#.........# .#####...# #....#
#.#.#....#..# .+ #....# #....#
#.#.#.##.#..# .# #....# #....#
#.#.#<...#..# ######...# #....#
#.#.#.####..#


You could see an orc priest, an orc and a friendly shadow imp.

Vanquished Creatures
  Grinder (D:3)
  An orc wizard (D:3)
  Ijyb (D:3)
  Terence (D:3)
  5 adders
  7 gnolls (D:4)
  2 oozes
  2 worms (D:2)
  3 dart slugs
  3 leopard geckos
  6 orcs
  A ball python (D:3)
  6 bats
  3 giant cockroaches
  7 goblins
  7 hobgoblins
  8 jackals
  4 kobolds
  2 quokkas (D:3)
  5 frilled lizards
  9 rats
84 creatures vanquished.

Notes
Turn   | Place    | Note
-------+----------+-------------------------------------------
     0 | D:1      | Ellandar the Demonspawn Monk began the quest for the Orb.
     0 | D:1      | Reached XP level 1. HP: 18/18 MP: 1/1
    73 | D:1      | Reached skill level 1 in Polearms
   284 | D:1      | Gained mutation: You have a somewhat thin skeletal structure. (Dex +2, Stealth) [demonic ancestry]
   284 | D:1      | Reached XP level 2. HP: 24/24 MP: 2/2
   324 | D:1      | Reached skill level 2 in Polearms
   888 | D:2      | Gained mutation: You have a moderately thin skeletal structure. (Dex +4, Stealth+) [demonic ancestry]
   888 | D:2      | Reached XP level 3. HP: 29/29 MP: 3/3
  1263 | D:2      | Reached skill level 3 in Polearms
  1267 | D:2      | Reached skill level 1 in Shields
  1290 | D:2      | Gained mutation: You have sharp toenails. [demonic ancestry]
  1290 | D:2      | Reached XP level 4. HP: 34/35 MP: 4/4
  1504 | D:3      | Noticed Terence
  1623 | D:3      | Noticed Grinder
  1623 | D:3      | Paralysed by Grinder for 2 turns
  1627 | D:3      | Noticed Ijyb
  1644 | D:3      | Gained mutation: Your body sometimes deteriorates upon taking damage. [potion of mutation]
  1644 | D:3      | Gained mutation: Your mind is acute. (Int +2) [potion of mutation]
  1644 | D:3      | Gained mutation: Your body often deteriorates upon taking damage. [potion of mutation]
  1647 | D:3      | Killed Grinder
  1647 | D:3      | Reached skill level 4 in Polearms
  1647 | D:3      | Reached skill level 1 in Armour
  1647 | D:3      | Gained mutation: When hurt, damage is shared between your health and your magic reserves. [demonic ancestry]
  1647 | D:3      | Reached XP level 5. HP: 11/41 MP: 5/5
  1647 | D:3      | Gained mutation: A weak demonic guardian rushes to your aid. [demonic ancestry]
  1647 | D:3      | Reached XP level 6. HP: 13/47 MP: 6/6
  1663 | D:3      | Killed Ijyb
  1985 | D:3      | Gained mutation: You are clumsy. (Dex -2) [potion of mutation]
  1985 | D:3      | Gained mutation: Your spells are a little harder to cast, but a little more powerful. [potion of mutation]
  1985 | D:3      | Gained mutation: You possess an exceptional clarity of mind. [potion of mutation]
  2185 | D:3      | Killed Terence
  2994 | D:4      | Killed from afar by an orc priest

Skill      XL: |  1  2  3  4  5  6 |
---------------+-------------------+-----
Polearms       | 1 2 3 4 |  4.7
Shields        | 1 2 |  2.4
Armour         | 1 2 |  2.0
Fighting       | |  3.9
Maces & Flails | |  2.6
Dodging        | |  2.6
Stealth        | |  1.7

Action                   |  1- 3 |  4- 6 || total
-------------------------+-------+-------++-------
Melee: Spear             |   103 |   243 ||   346
       Kick              |       |    61 ||    61
  Use: Scroll            |       |     9 ||     9
       Potion            |       |     3 ||     3
 Stab: Sleeping          |    10 |       ||    10
       Distracted        |       |     1 ||     1
  Eat: Chunk             |     1 |     6 ||     7
Armor: Robe              |     3 |       ||     3
       Leather armour    |     4 |       ||     4
       Scale mail        |     8 |    13 ||    21
       Chain mail        |       |    71 ||    71
Dodge: Dodged            |    36 |    57 ||    93
Block: Buckler           |     2 |    44 ||    46
